 Dungeon Crawl Stone Soup version 0.31-a0-1447-g87ca8d402b (webtiles) character file.

Game seed: 7854209998128647812

721 inmateoo the Poker (level 7, -1/54 HPs)
             Began as a Demonspawn Gladiator on Dec 27, 2023.
             Slain by a steam dragon (7 damage)
             ... on level 5 of the Dungeon.
             The game lasted 00:04:17 (4525 turns).

inmateoo the Poker (Demonspawn Gladiator)           Turns: 4525, Time: 00:04:18

Health: -1/54      AC:  4    Str: 23    XL:     7   Next: 42%
Magic:  7/7        EV: 13    Int:  8    God:
Gold:   174        SH:  5    Dex: 14    Spells: 6/6 levels left

rFire   . . .        a - +0 trident
rCold   . . .        (no shield)
rNeg    . . .        b - +1 leather armour
rPois   +            (helmet restricted)
rElec   .            (no cloak)
rCorr   .            (no gloves)
SInv    .            (no boots)
Will    .....        j - amulet of reflection
Stlth   +            g - ring of poison resistance
HPRegen 0.29/turn    l - +6 ring of strength
MPRegen 0.10/turn

%: reflection
@: no status effects
A: antennae 2
a: no special abilities


You were on level 5 of the Dungeon.
You visited 1 branch of the dungeon, and saw 5 of its levels.

You collected 286 gold pieces.
You spent 112 gold pieces at shops.

Inventory:

Hand Weapons
 a - a +0 trident (weapon)
Missiles
 d - 3 throwing nets (quivered)
 e - 5 javelins
 h - 2 curare-tipped darts
Armour
 b - a +1 leather armour (worn)
Jewellery
 g - a ring of poison resistance (left hand)
 j - an amulet of reflection (around neck)
 l - a +6 ring of strength (right hand)
Scrolls
 n - a scroll of blinking
Potions
 c - 2 potions of lignification
 f - 2 potions of might
 i - 2 potions of brilliance
 k - 2 potions of attraction
 o - a potion of mutation {unknown}
 p - a potion of enlightenment {unknown}
 q - a potion of heal wounds
 r - 2 potions of curing {unknown}


   Skills:
 + Level 4.1 Fighting
 * Level 5.5 Polearms
 - Level 1.7 Throwing
 + Level 3.0 Armour
 + Level 4.2 Dodging


You had 6 spell levels left.
You didn't know any spells.
Your spell library contained the following spells:

 Spells                   Type           Power      Damage    Failure   Level
 Kiss of Death            Conj/Necr      0%         2d5       45%         1
 Magic Dart               Conj           0%         1d3       45%         1
 Blink                    Tloc           0%         N/A       58%         2
 Call Imp                 Summ           0%         N/A       58%         2
 Confusing Touch          Hex            0%         N/A       83%         3
 Dispel Undead            Necr           0%         3d6       99%         4


Dungeon Overview and Level Annotations

Branches:
Dungeon (5/15)
 Temple: D:4-7

Altars:
Trog
Uskayaw
Vehumet
Wu Jian
Xom

Shops:
D:2 *


Innate Abilities, Weirdness & Mutations

You have a pair of antennae on your head.


Message History

The steam dragon bites you!
* * * LOW HITPOINT WARNING * * *
The steam dragon barely misses you.
It was a potion of heal wounds.
You feel much better. The steam dragon bites you.
The steam dragon claws you but does no damage.
You barely miss the steam dragon.
The steam dragon is heavily wounded.
The steam dragon bites you! The steam dragon claws you.
You barely miss the steam dragon.
The steam dragon is heavily wounded.
The steam dragon breathes steam at you. The ball of steam misses you.
You feel much better.
You are engulfed in a cloud of scalding steam.
The steam dragon bites you. You block the steam dragon's attack.
You barely miss the steam dragon.
The steam dragon is heavily wounded.
You are engulfed in a cloud of scalding steam.
The steam dragon bites you! The steam dragon closely misses you.
The steam dragon barely misses you. The steam dragon completely misses you.
You hit the steam dragon.
The steam dragon is heavily wounded.
You are engulfed in a cloud of scalding steam.
* * * LOW HITPOINT WARNING * * *
The steam dragon barely misses you. The steam dragon claws you.
* * * LOW HITPOINT WARNING * * *
The steam dragon bites you but does no damage.
You block the steam dragon's attack.
You feel much better. The steam dragon breathes steam at you.
The ball of steam hits you!!
You barely miss the steam dragon.
The steam dragon is heavily wounded.
You are engulfed in a cloud of scalding steam.
* * * LOW HITPOINT WARNING * * *
The steam dragon barely misses you.
The steam dragon claws you but does no damage.
The steam dragon bites you!
You die...

#.........#....# [#
#......!.)...###.# .#
.................# .#
........#....######.#
.##.................#
###.......#####..#### #
# #.......# ##.# .. #
#.........####.####.#.#
..............@D.......
.##.....#.....§.§.....
#.. ...##.....§..... ..
#.#..§[......
..#.##§.....## .....#
.#....#.# ..... #
#..#.#. .... ..##.# ...
... #.


You could see a steam dragon (catching breath).

Vanquished Creatures
  A phantom (D:5)
  A scorpion (D:4)
  A bombardier beetle (D:3)
  5 jellies
  An orc priest (D:3)
  An iguana (D:3)
  Jessica (D:3)
  A gnoll bouda (D:5)
  Natasha (thrice) (D:3)
  8 gnolls
  2 adders
  3 worms
  4 dart slugs
  6 orcs
  7 ball pythons
  7 bats
  16 endoplasms
  A giant cockroach (D:1)
  5 hobgoblins
  2 jackals (D:1)
  9 quokkas
  2 frilled lizards (D:1)
  9 goblins
  17 kobolds
  3 rats (D:1)
116 creatures vanquished.

Notes
Turn   | Place    | Note
-------+----------+-------------------------------------------
     0 | D:1      | inmateoo the Demonspawn Gladiator began the quest for the
                  | Orb.
     0 | D:1      | Reached XP level 1. HP: 16/16 MP: 1/1
    97 | D:1      | Found a faded altar of an unknown god.
   206 | D:1      | Gained mutation: You have a pair of small antennae on your
                  | head. [demonic ancestry]
   206 | D:1      | Reached XP level 2. HP: 22/22 MP: 2/2
   226 | D:1      | Reached skill level 3 in Polearms
   494 | D:1      | Reached XP level 3. HP: 28/28 MP: 3/3
   607 | D:1      | Reached skill level 1 in Armour
  1144 | D:2      | Found Pauranam's Assorted Antiques.
  1150 | D:2      | Bought a potion of might for 92 gold pieces
  1150 | D:2      | Bought a smoky cyan potion for 20 gold pieces
  1252 | D:2      | Reached XP level 4. HP: 23/34 MP: 4/4
  1322 | D:2      | Found a bloodstained altar of Trog.
  1322 | D:2      | Found a hide-covered altar of Uskayaw.
  1322 | D:2      | Found a shimmering altar of Xom.
  1322 | D:2      | Found an ornate altar of the Wu Jian Council.
  1322 | D:2      | Found a bloodstained altar of Trog.
  1438 | D:2      | Reached XP level 5. HP: 33/40 MP: 5/5
  1441 | D:2      | Reached skill level 4 in Polearms
  2308 | D:3      | Gained mutation: You have a pair of antennae on your head.
                  | [demonic ancestry]
  2308 | D:3      | Reached XP level 6. HP: 15/47 MP: 6/6
  2678 | D:3      | Found a glowing drain.
  2798 | D:3      | You fall into a shaft and drop 1 floor!
  2924 | D:3      | Found a bloodstained altar of Trog.
  2964 | D:3      | Noticed Jessica
  2964 | D:3      | Noticed Natasha
  2975 | D:3      | Killed Jessica
  2990 | D:3      | Killed Natasha
  3098 | D:3      | Noticed Natasha
  3105 | D:3      | Killed Natasha
  3203 | D:3      | Noticed Natasha
  3213 | D:3      | Killed Natasha
  3257 | D:3      | Found a radiant altar of Vehumet.
  3564 | D:4      | Reached skill level 5 in Polearms
  3780 | D:4      | Reached XP level 7. HP: 33/53 MP: 7/7
  4088 | D:5      | Entered Level 5 of the Dungeon
  4098 | D:5      | Found an ornate altar of the Wu Jian Council.
  4493 | D:5      | Noticed a steam dragon
  4525 | D:5      | Slain by a steam dragon

Illustrated notes

Levels and vault maps discovered:
D:1:      heliophobic_arrival_enchanted_forest, layout_basic,
          ebering_ecumenical_altar_abandoned
D:2:      cheibrodos_fertilizer, layout_basic, serial_shops, shop
D:3:      layout_loops_ring, mainiacjoe_overflow_swirl, tso_oasis_becter,
          portal_sewer_entry_a, minmay_misc_feat_encased,
          kennysheep_jessica_study, uniq_natasha
D:4:      layout_basic, chequers_serial_rivers_marsh, kennysheep_generic_room_10
D:5:      layout_basic, nzn_wu_jian_contemplation,
          minmay_misc_feat_secret_circle, nicolae_shop_vocational

Skill      XL: |  1  2  3  4  5  6  7 |
---------------+----------------------+-----
Polearms       | 3 4 5 |  5.5
Dodging        | 3 4 |  4.2
Armour         | 1 2 3 |  3.0
Fighting       | 3 4 |  4.1
Throwing       | |  1.7

Action                     |  1- 3 |  4- 6 |  7- 9 || total
---------------------------+-------+-------+-------++-------
  Melee: Trident           |   164 |   216 |    65 ||   445
         Punch             |     3 |     1 |     1 ||     5
    Use: Scroll            |     3 |     7 |     1 ||    11
         Potion            |       |       |     3 ||     3
   Stab: Sleeping          |     1 |     2 |       ||     3
 Armour: Leather armour    |    75 |    78 |    44 ||   197
  Dodge: Dodged            |   112 |    94 |    46 ||   252
  Block: Other             |       |    28 |    11 ||    39
         Reflection        |       |     1 |       ||     1

Table legend: (Time is in decaauts)
 A = Elapsed time spent in this place.
 B = Non-inter-level travel time spent in this place.
 C = Inter-level travel time spent in this place.
 D = Time resting spent in this place.
 E = Time spent auto-exploring this place.
 F = Levels seen in this place.
 G = Mean time per level.
                   A        B        C        D        E       F      G
               +--------+--------+--------+--------+--------+-----+--------+
         Total |   4576 |   4505 |     71 |   1166 |   2273 |   5 |  915.2 |
       Dungeon |   4576 |   4505 |     71 |   1166 |   2273 |   5 |  915.2 |
               +--------+--------+--------+--------+--------+-----+--------+

Top non-repeatable levels by time:
     D:3: 1300 daAuts
     D:2: 1186 daAuts
     D:1: 935 daAuts
     D:4: 715 daAuts
     D:5: 438 daAuts
